 Dungeon Crawl Stone Soup version 0.29-a0-668-g12ee2bf84d (webtiles) character file.

Game seed: 15363247846962149467

16424 Newt the Carver (level 12, -1/92 HPs)
             Began as a Demonspawn Abyssal Knight on June 23, 2022.
             Was a High Priest of Lugonu.
             Slain by a naga
             ... wielding a +0 short sword
              (8 damage)
             ... on level 2 of the Lair of Beasts.
             The game lasted 00:38:39 (8312 turns).

Newt the Carver (Demonspawn Abyssal Knight)         Turns: 8312, Time: 00:38:39

Health: -1/92      AC: 13    Str: 16    XL:     12   Next: 9%
Magic:  9/19       EV: 12    Int: 12    God:    Lugonu [*****.]
Gold:   485        SH:  0    Dex: 19    Spells: 18/21 levels left

rFire   . . .      SeeInvis .   u - +7 Throatcutter {drain, coup de grace}
rCold   . . .      Faith    .   (no shield)
rNeg    . . .      Spirit   .   G - +1 leather armour {rPois}
rPois   +          Reflect  .   r - +0 helmet
rElec   +          Harm     .   (no cloak)
rCorr   .          Rampage  .   H - +0 pair of gloves {hurl}
Will    .....                   (no boots)
Stlth   ++........              w - amulet of regeneration
HPRegen 2.05/turn               d - +4 ring of slaying
MPRegen 0.16/turn               T - ring "Put-Me-On" {rElec AC+4 Dex+3}

@: lethally poisoned (-1 -> -1)
A: slimy green scales 1, demonic guardian 2, powered by death 3, demonic touch 2
a: Renounce Religion, Depart the Abyss, Bend Space, Banish, Corrupt, Enter the
Abyss


You were on level 2 of the Lair of Beasts.
You worshipped Lugonu.
Lugonu was extremely pleased with you.
You visited 2 branches of the dungeon, and saw 12 of its levels.
You visited the Abyss 1 time.

You collected 725 gold pieces.
You spent 240 gold pieces at shops.

Inventory:

Hand Weapons
 a - a +2 spear
 u - the +7 Throatcutter (weapon) {drain, coup de grace}
   (You took it off Terence on level 3 of the Dungeon)

   A truly terrible weapon, it drains the life of any living foe it strikes.
   It may instantly kill foes which have little health.
Missiles
 q - 16 curare-tipped darts (quivered)
Armour
 b - a +0 leather armour
 i - a +1 chain mail
 r - a +0 helmet (worn)
 y - a +0 pair of gloves
 G - a +1 leather armour of poison resistance (worn)
 H - a +0 pair of gloves of hurling (worn)
 I - a +0 chain mail
 P - +0 steam dragon scales
 R - a +0 troll leather armour
Magical Staves
 F - a staff of poison
Jewellery
 d - a +4 ring of slaying (left hand)
 m - a ring of willpower
 w - an amulet of regeneration (around neck)
 T - the ring "Put-Me-On" (right hand) {rElec AC+4 Dex+3}
   (You found it on level 10 of the Dungeon)

   [ring of protection]

   AC:        It affects your AC (+4).
   Dex:       It affects your dexterity (+3).
   rElec:     It insulates you from electricity.
 U - a ring of willpower
 W - a ring of ice
Wands
 n - a wand of charming (6)
 s - a wand of flame (20)
 K - a wand of mindburst (6)
Scrolls
 e - a scroll of torment
 f - 4 scrolls of teleportation
 g - 3 scrolls of amnesia
 j - 2 scrolls of enchant armour
 k - 3 scrolls of fog
 l - 2 scrolls of silence
 x - a scroll of enchant weapon
 A - 4 scrolls of immolation
 B - 2 scrolls of noise
 C - a scroll of summoning {unknown}
 E - a scroll of magic mapping {unknown}
 L - a scroll of poison {unknown}
 V - a scroll of blinking
 X - 3 scrolls of identify
Potions
 c - 2 potions of attraction
 h - 4 potions of might
 o - 3 potions of invisibility
 p - 3 potions of degeneration
 t - 3 potions of curing
 v - a potion of haste
 z - 2 potions of flight {unknown}
 D - a potion of resistance
 J - 2 potions of lignification {unknown}
 M - a potion of brilliance {unknown}
 N - 2 potions of mutation
 O - a potion of heal wounds {unknown}
 Q - a potion of ambrosia {unknown}
 Y - a potion of cancellation {unknown}
Miscellaneous
 S - a piece from Xom's chessboard (15/15)


   Skills:
 + Level 7.7 Fighting
 - Level 11.0 Long Blades
 - Level 1.7(2.1) Polearms
 - Level 1.4(1.9) Staves
 - Level 4.3 Throwing
 * Level 6.1 Armour
 - Level 1.4 Dodging
 - Level 1.0 Stealth
 + Level 5.2 Spellcasting
 - Level 5.8 Necromancy
 * Level 8.0 Invocations
 * Level 5.5 Evocations


You had 18 spell levels left.
You knew the following spells:

 Your Spells              Type           Power      Damage    Failure   Level
a - Vampiric Draining     Necr           17%        2d7       6%          3

Your spell library contained the following spells:

 Spells                   Type           Power      Damage    Failure   Level
 Magic Dart               Conj           12%        1d3       24%         1
 Slow                     Hex            12%        N/A       24%         1
 Call Imp                 Summ           3%         N/A       34%         2
 Confusing Touch          Hex            3%         N/A       56%         3
 Gell's Gravitas          Tloc           3%         N/A       56%         3
 Mephitic Cloud           Conj/Pois/Air  3%         N/A       56%         3
 Summon Guardian Golem    Hex/Summ       3%         N/A       56%         3
 Teleport Other           Tloc           3%         N/A       56%         3
 Fulminant Prism          Conj/Hex       1%         3d6       93%         4
 Iskenderun's Mystic Bla  Conj/Tloc      3%         2d3       93%         4
 Lee's Rapid Deconstruct  Erth           1%         3d5*      100%        5
 Dispersal                Tloc           1%         N/A       100%        6
 Orb of Destruction       Conj           1%         9d5       100%        7
 Spellforged Servitor     Conj/Summ      1%         N/A       100%        7


Dungeon Overview and Level Annotations

Branches:
Dungeon (10/15)            Temple (0/1) D:5            Lair (2/6) D:10
  Snake (0/4) Lair:2
  Swamp: Lair:2-4    Shoals: Lair:2-4       Orc: D:9-12

Altars:
Cheibriados
Elyvilon
Nemelex Xobeh
Sif Muna
Uskayaw
Vehumet
Xom
Zin

Shops:
D:6 [[


Innate Abilities, Weirdness & Mutations

You are partially covered in slimy green scales. (AC +2)
A demonic guardian rushes to your aid.
You regenerate a lot of health from kills.
Your touch may inflict irresistible damage on your foes.


Message History

The naga constricts your soul eater. The naga misses you. The naga grabs you.
The naga constricts you.
* * * LOW HITPOINT WARNING * * *
You slash the plant! You drain the plant.
You touch the plant!
The plant is heavily damaged.
A nearby plant withers and dies.
A bullfrog comes into view.
Your soul eater hits the naga!!
The water moccasin bites you.
* * * LOW HITPOINT WARNING * * *
The naga loses its grip on your soul eater.
You completely miss the naga.
The bullfrog croaks.
Your touch misses the naga.
The naga is severely wounded.
The water moccasin bites you but does no damage.
The naga hits you with a +0 dire flail!!
* * * LOW HITPOINT WARNING * * *
The naga constricts you.
* * * LOW HITPOINT WARNING * * *
Your soul eater hits the naga!
The water moccasin barely misses you.
You feel better. The naga closely misses you. The naga constricts you.
* * * LOW HITPOINT WARNING * * *
Your soul eater barely misses the naga.
The naga spits poison at you.
The splash of poison hits you but does no damage.
You are poisoned.
You resist.
A water moccasin comes into view.
The water moccasin bites you but does no damage.
As you read the scroll of teleportation, it crumbles to dust.
You feel strangely stable.
You feel sick.
The water moccasin bites the fungus.
The fungus begins to die.
The naga hits you with a +0 dire flail.
* * * LOW HITPOINT WARNING * * *
The naga constricts you.
* * * LOW HITPOINT WARNING * * *
The water moccasin barely misses you.
Your soul eater hits the naga!
The naga dies!
Lugonu accepts your kill.
The naga hits you with a +0 short sword!
You die...

P..##......#...P....##..P
...........S..
##....#.P.P#.# ..###P. ..
.....................
##....#............P.P...>
............F.............
l..# #.......P.#.......
.....#####.#.#P.###.......
.....#..S@................
.N....##N§3....#..##..#...
.>........................
.....#..#....P#..P..P.#..
....#....................
... #..............##P.##
. #....................
P....#......#...P..#....
.S......................


You could see 2 water moccasins, a naga (catching breath, ally target), a
bullfrog and a friendly soul eater (summoned).

Vanquished Creatures
  Fannar (Lair:1)
  3 two-headed ogres
  Sonja (Lair:1)
  A cyclops (D:8)
  Maggie (D:8)
  2 cane toads
  A rime drake (Lair:1)
  An unseen horror (D:10)
  2 komodo dragons
  A troll (D:9)
  A hornet (D:9)
  9 blink frogs (Lair:2)
  A spriggan (Lair:1)
  Grum (D:8)
  4 wyverns
  6 yaks (D:9)
  A basilisk (D:10)
  A steam dragon (D:8)
  A naga (Lair:2)
  Duvessa (D:6)
  8 water moccasins
  3 sky beasts
  An orc warrior (D:8)
  2 ice beasts
  3 ogres
  6 wolves
  A centaur (D:9)
  A phantom (D:5)
  4 kobold brigands
  A gnoll sergeant (D:10)
  8 bullfrogs
  6 wights
  Dowan (D:6)
  4 killer bees
  4 howler monkeys
  A hound (D:5)
  3 orc priests
  4 iguanas
  Terence (D:3)
  2 orc wizards
  5 gnolls
  5 adders
  3 white imps
  2 ufetubi
  2 worms
  2 dart slugs (D:1)
  10 orcs
  7 endoplasms
  6 giant cockroaches
  6 goblins
  8 hobgoblins
  4 jackals (D:2)
  5 quokkas
  6 ball pythons
  4 bats
  3 frilled lizards (D:1)
  23 kobolds
  3 rats
208 creatures vanquished.

Vanquished Creatures (collateral kills)
  An elephant (D:10)
  A troll (D:9)
  A wyvern (D:10)
  A basilisk (D:10)
  A naga (Lair:2)
  3 wolves
  A bullfrog (Lair:1)
  3 gnolls (D:10)
  An orc (D:9)
  A kobold (D:8)
14 creatures vanquished.

Vanquished Creatures (others)
  An angel (D:9)
  5 demonic plants (D:3)
  13 fungi
  48 plants
  2 withered plants (D:3)
69 creatures vanquished.

Grand Total: 291 creatures vanquished

Notes
Turn   | Place    | Note
-------+----------+-------------------------------------------
     0 | Abyss:1  | Newt the Demonspawn Abyssal Knight began the quest for the
                  | Orb.
     0 | Abyss:1  | Reached XP level 1. HP: 18/18 MP: 2/2
    81 | Abyss:1  | Noticed an efreet
    82 | D:1      | Escaped the Abyss
   305 | D:1      | Reached skill level 1 in Staves
   332 | D:1      | Gained mutation: You regenerate a little health from kills.
                  | [demonic ancestry]
   332 | D:1      | Reached XP level 2. HP: 5/24 MP: 3/3
   546 | D:1      | You fall into a shaft and drop 1 floor!
   734 | D:2      | Reached skill level 1 in Dodging
  1283 | D:1      | Gained mutation: You regenerate health from kills. [demonic
                  | ancestry]
  1283 | D:1      | Reached XP level 3. HP: 29/29 MP: 4/4
  2058 | D:2      | Reached skill level 1 in Necromancy
  2618 | D:3      | Reached XP level 4. HP: 36/36 MP: 5/5
  2898 | D:3      | Found a radiant altar of Vehumet.
  2985 | D:3      | Reached skill level 1 in Evocations
  2987 | D:3      | Noticed Terence
  3002 | D:3      | Killed Terence
  3290 | D:3      | Reached skill level 1 in Stealth
  3312 | D:3      | Found a faded altar of an unknown god.
  3425 | D:4      | Reached *** piety under Lugonu
  3504 | D:4      | Gained mutation: A weak demonic guardian rushes to your
                  | aid. [demonic ancestry]
  3504 | D:4      | Reached XP level 5. HP: 37/42 MP: 6/6
  3930 | D:5      | Entered Level 5 of the Dungeon
  4032 | D:5      | Noticed a phantom
  4035 | D:5      | Killed a phantom
  4036 | D:5      | Reached skill level 1 in Long Blades
  4037 | D:5      | Reached XP level 6. HP: 48/48 MP: 7/7
  4096 | D:5      | Reached skill level 2 in Long Blades
  4096 | D:5      | Reached skill level 1 in Spellcasting
  4127 | D:5      | Found a staircase to the Ecumenical Temple.
  4514 | D:6      | Noticed a sky beast
  4522 | D:6      | Noticed Duvessa
  4530 | D:5      | Killed a sky beast
  4531 | D:5      | Gained mutation: Your touch may inflict minor irresistible
                  | damage on your foes. [demonic ancestry]
  4531 | D:5      | Reached XP level 7. HP: 51/54 MP: 7/9
  4550 | D:6      | Noticed Dowan
  4551 | D:6      | Killed Duvessa
  4552 | D:6      | Reached skill level 3 in Long Blades
  4554 | D:6      | Killed Dowan
  4623 | D:6      | Reached skill level 4 in Long Blades
  4666 | D:6      | Found Eczechuts's Antique Armour Emporium.
  4674 | D:6      | Bought a pair of runed gloves for 150 gold pieces
  4674 | D:6      | Bought a chain mail for 90 gold pieces
  4837 | D:6      | Found Bozad's Armour Emporium.
  4843 | D:6      | Gained mutation: A demonic guardian rushes to your aid.
                  | [demonic ancestry]
  4843 | D:6      | Reached XP level 8. HP: 43/61 MP: 11/11
  5080 | D:7      | Reached **** piety under Lugonu
  5152 | D:7      | Reached skill level 5 in Long Blades
  5208 | D:7      | Reached skill level 1 in Throwing
  5321 | D:7      | Found a snail-covered altar of Cheibriados.
  5359 | D:7      | Reached skill level 6 in Long Blades
  5447 | D:7      | Found a hide-covered altar of Uskayaw.
  5626 | D:8      | Gained mutation: You are partially covered in slimy green
                  | scales. (AC +2) [demonic ancestry]
  5626 | D:8      | Reached XP level 9. HP: 66/67 MP: 13/13
  5652 | D:8      | Noticed a komodo dragon
  5656 | D:8      | Noticed a cyclops
  5659 | D:8      | Killed a komodo dragon
  5660 | D:8      | Reached skill level 5 in Fighting
  5663 | D:8      | Killed a cyclops
  5664 | D:8      | Reached skill level 7 in Long Blades
  5671 | D:8      | Noticed Grum
  5814 | D:8      | Noticed a two-headed ogre
  5821 | D:8      | Killed a two-headed ogre
  5822 | D:8      | Reached skill level 8 in Long Blades
  5997 | D:8      | Killed Grum
  5999 | D:8      | Gained mutation: You regenerate a lot of health from kills.
                  | [demonic ancestry]
  5999 | D:8      | Reached XP level 10. HP: 64/75 MP: 15/15
  6102 | D:8      | Noticed Maggie
  6107 | D:8      | Killed Maggie
  6196 | D:8      | Reached skill level 5 in Invocations
  6204 | D:8      | Learned a level 3 spell: Vampiric Draining
  6432 | D:9      | Found a sparkling altar of Nemelex Xobeh.
  6467 | D:9      | Found a shimmering blue altar of Sif Muna.
  6468 | D:9      | Noticed a two-headed ogre
  6476 | D:9      | Killed a two-headed ogre
  6519 | D:9      | Reached skill level 9 in Long Blades
  6573 | D:9      | Reached ***** piety under Lugonu
  6612 | D:9      | Noticed an angel
  6615 | D:9      | Found a shimmering altar of Xom.
  6723 | D:9      | Killed an angel
  6913 | D:9      | Reached skill level 5 in Armour
  6926 | D:9      | Noticed a two-headed ogre
  6934 | D:9      | Killed a two-headed ogre
  6935 | D:9      | Reached skill level 10 in Long Blades
  6935 | D:9      | Reached skill level 5 in Necromancy
  6968 | D:9      | Reached XP level 11. HP: 82/82 MP: 17/17
  7083 | D:10     | Entered Level 10 of the Dungeon
  7208 | D:10     | Identified the ring "Put-Me-On" {rElec AC+4 Dex+3}
  7298 | D:10     | Found a staircase to the Lair.
  7311 | Lair:1   | Entered Level 1 of the Lair of Beasts
  7311 | Lair:1   | Noticed Fannar
  7316 | Lair:1   | Noticed Sonja
  7325 | Lair:1   | Killed Fannar
  7331 | Lair:1   | Killed Sonja
  7537 | Lair:1   | Reached skill level 5 in Spellcasting
  7652 | Lair:1   | Noticed a six-headed hydra
  7657 | Lair:1   | Banished a six-headed hydra
  7658 | Lair:1   | Reached skill level 11 in Long Blades
  8086 | Lair:2   | Reached skill level 5 in Evocations
  8249 | Lair:2   | Gained mutation: Your touch may inflict irresistible damage
                  | on your foes. [demonic ancestry]
  8249 | Lair:2   | Reached XP level 12. HP: 87/91 MP: 19/19
  8291 | Lair:2   | Found a staircase to the Snake Pit.
  8291 | Lair:2   | Noticed a six-headed hydra
  8301 | Lair:2   | Banished a six-headed hydra
  8312 | Lair:2   | Slain by a naga

Illustrated notes

Levels and vault maps discovered:
D:1:      minmay_arrival_widening_spiral_wide, layout_basic,
          minmay_misc_feat_doors
D:2:      layout_basic, minmay_misc_feat_hallway
D:3:      layout_basic, vehumet_altar_wand_db, shapermc_ecumenical_altar_gd,
          serial_bayou, serial_bayou_pond_b, serial_bayou_pond_e,
          serial_bayou_lagoon_a, serial_bayou_lake_a, serial_bayou_crossing,
          st_stairs_7, uniq_terence
D:4:      layout_cave_pools, kennysheep_mini
D:5:      layout_loops_ring, minmay_temple_entry_sparse_star, kennysheep_dice
D:6:      layout_rooms, serial_shops, nicolae_lakefront_shop, shop_statue,
          uniq_duvessa
D:7:      layout_loops_ring, mainiacjoe_overflow_alcove_4,
          mainiacjoe_overflow_six_doors_small
D:8:      layout_loops_ring, hangedman_decor_diamond_cutter,
          minmay_starry_boxes, uniq_maggie, uniq_grum
D:9:      layout_basic, nicolae_sif_muna_condensation,
          grunt_temple_overflow_order_and_chaos_1, nemelex_altar_shiori,
          minitemple, dk_noncrumbling_2, minivault_22, minmay_circle_x
D:10:     layout_basic, grunt_gozag_statues, david_lair_generic
Lair:1:   layout_chaotic_city, grunt_forest_large_clearing_hut,
          grunt_megastairs_2, uniq_sonja, uniq_fannar
Lair:2:   layout_long_grid, minmay_snake_entry_guardpost_small

Skill      XL: |  1  2  3  4  5  6  7  8  9 10 11 12 |
---------------+-------------------------------------+-----
Staves         | 1 |  1.4
Dodging        | 1 |  1.4
Necromancy     | 1 2 4 5 |  5.8
Armour         | 2 3 4 5 6 |  6.1
Evocations     | 1 2 3 5 |  5.5
Stealth        | 1 |  1.0
Long Blades    | 1 2 4 6 8 10 11 | 11.0
Fighting       | 4 5 6 7 |  7.7
Spellcasting   | 1 2 3 4 5 |  5.2
Invocations    | 3 4 5 7 8 |  8.0
Throwing       | 1 2 3 4 |  4.3
Polearms       | |  1.7

Action                   |  1- 3 |  4- 6 |  7- 9 | 10-12 || total
-------------------------+-------+-------+-------+-------++-------
Melee: Spear             |   216 |    17 |       |       ||   233
       Punch             |     1 |       |       |     3 ||     4
       Long sword        |       |    47 |    97 |   229 ||   373
       Touch             |       |       |    20 |    34 ||    54
Throw: Dart              |       |       |     6 |     6 ||    12
 Cast: Vampiric Draining |       |       |       |     1 ||     1
Invok: Depart the Abyss  |     1 |       |       |       ||     1
       Banish            |       |       |       |     4 ||     4
Evoke: Wand              |       |     5 |       |       ||     5
  Use: Potion            |     1 |     1 |     3 |     3 ||     8
       Scroll            |       |     5 |     5 |    11 ||    21
 Stab: Sleeping          |     3 |       |       |     1 ||     4
Armor: Leather armour    |    45 |       |    36 |   146 ||   227
       Chain mail        |    16 |    28 |     8 |       ||    52
Dodge: Dodged            |   100 |    29 |    49 |   179 ||   357

Table legend: (Time is in decaauts)
 A = Elapsed time spent in this place.
 B = Non-inter-level travel time spent in this place.
 C = Inter-level travel time spent in this place.
 D = Time resting spent in this place.
 E = Time spent auto-exploring this place.
 F = Levels seen in this place.
 G = Mean time per level.
                   A        B        C        D        E       F      G
               +--------+--------+--------+--------+--------+-----+--------+
         Total |   8310 |   8110 |    200 |   1246 |   4391 |  13 |  639.2 |
       Dungeon |   7245 |   7060 |    185 |   1072 |   4061 |  10 |  724.5 |
          Lair |    983 |    968 |     15 |    174 |    250 |   2 |  491.5 |
         Abyss |     82 |     82 |      0 |      0 |     80 |   1 |   82.0 |
               +--------+--------+--------+--------+--------+-----+--------+

Top non-repeatable levels by time:
     D:2: 1457 daAuts
     D:1: 1046 daAuts
     D:3: 869 daAuts
     D:8: 823 daAuts
     D:9: 664 daAuts
  Lair:1: 651 daAuts
     D:5: 597 daAuts
     D:7: 546 daAuts
     D:4: 517 daAuts
     D:6: 492 daAuts
  Lair:2: 331 daAuts
    D:10: 229 daAuts
 Abyss:1: 82 daAuts
